 Dungeon Crawl Stone Soup version 0.29.1-15-g9cfb28693d (webtiles) character file.

Game seed: 6068024560001413450

648 fleeber the Shooter (level 7, -2/51 (55) HPs)
             Began as a Barachi Hunter on Mar 16, 2023.
             Was an Initiate of Fedhas.
             Slain by a wight
             ... wielding a +3 morningstar
              (3 damage)
             ... on level 6 of the Dungeon.
             The game lasted 00:12:48 (4820 turns).

fleeber the Shooter (Barachi Hunter)                Turns: 4820, Time: 00:12:49

HP:   -2/51 (55)    AC:  6    Str: 13    XL:     7   Next: 53%
MP:   8/8           EV: 13    Int:  9    God:    Fedhas [......]
Gold: 276           SH:  5    Dex: 17    Spells: 6/6 levels left

rFire   . . .      SeeInvis .   a - +0 shortbow
rCold   . . .      Faith    .   (shield currently unavailable)
rNeg    . . .      Spirit   .   q - +0 troll leather armour
rPois   .          Reflect  +   (no helmet)
rElec   .          Harm     .   w - +0 cloak
rCorr   .          Rampage  .   (no gloves)
Will    .....                   k - +0 pair of boots
Stlth   ++........              h - amulet of reflection
HPRegen 0.97/turn               (no ring)
MPRegen 0.11/turn               (no ring)

@: drained, slow
A: amphibious, slowness 1, strong legs 1, +LOS
a: Hop, Renounce Religion


You were on level 6 of the Dungeon.
You worshipped Fedhas.
Fedhas was noncommittal.
You visited 2 branches of the dungeon, and saw 7 of its levels.

You collected 276 gold pieces.

Inventory:

Hand Weapons
 a - a +0 shortbow (weapon)
Armour
 k - a +0 pair of boots (worn)
 q - a +0 troll leather armour (worn)
 w - a +0 cloak (worn)
Jewellery
 h - an amulet of reflection (around neck)
 u - a ring of fire
Wands
 c - a wand of acid (7)
 l - a wand of flame (18)
Scrolls
 b - 2 scrolls of immolation
 e - a scroll of fog {unknown}
 g - 2 scrolls of amnesia
 i - 3 scrolls of poison {unknown}
 j - 3 scrolls of teleportation
 m - a scroll of enchant weapon {unknown}
 y - a scroll of blinking {unknown}
 z - a scroll of identify {unknown}
 A - a scroll of enchant armour {unknown}
Potions
 d - 3 potions of curing
 f - a potion of lignification {unknown}
 n - a potion of resistance {unknown}
 o - 2 potions of haste {unknown}
 p - a potion of might {unknown}
 r - a potion of flight {unknown}
 s - a potion of invisibility {unknown}
 t - a potion of attraction {unknown}
 v - 2 potions of mutation {unknown}
 x - a potion of brilliance {unknown}


   Skills:
 + Level 4.8 Fighting
 * Level 6.3 Ranged Weapons
 + Level 4.4 Dodging
 - Level 2.7 Stealth
 + Level 1.9 Invocations


You had 6 spell levels left.
You didn't know any spells.
Your spell library contained the following spells:

 Spells                   Type           Power      Damage    Failure   Level
 Summon Small Mammal      Summ           0%         N/A       45%         1
 Ensorcelled Hibernation  Hex/Ice        0%         N/A       61%         2
 Passwall                 Tmut/Erth      0%         N/A       61%         2
 Call Canine Familiar     Summ           0%         N/A       83%         3
 Summon Guardian Golem    Hex/Summ       0%         N/A       83%         3
 Swiftness                Air            0%         N/A       83%         3


Dungeon Overview and Level Annotations

Branches:
Dungeon (6/15)             Temple (1/1) D:5

Altars:
Ashenzari
Dithmenos
Elyvilon
Fedhas
Hepliaklqana
Kikubaaqudgha
Makhleb
Nemelex Xobeh
Qazlal
Ru
Trog
Wu Jian
Zin
The Shining One

Annotations:
D:3 3 runed translucent doors, Sanktem7's ghost, amateur MiFi
D:4 exclusion: downstairs


Innate Abilities, Weirdness & Mutations

You are amphibious.
You cover ground slowly.
You can hop short distances.
You have an extended range of vision and can be seen from far away.


Message History

You shoot an arrow. The arrow closely misses the wight.
The arrow hits the wight!
The wight is almost destroyed.
The wight hits you but does no damage.
You shoot an arrow. The arrow closely misses the wight.
The arrow hits the wight but does no damage.
The wight is almost destroyed.
The wight closely misses you.
You shoot an arrow. The arrow hits the wight!
You destroy the wight!
Fedhas accepts your kill.
You shoot an arrow.
The arrow hits the wight but does no damage.
The wight is almost destroyed.
The wight misses you. The wight closely misses you.
The wight hits you with a +0 quarterstaff!
You feel drained.
You shoot an arrow.
The arrow hits the wight but does no damage.
The wight is almost destroyed.
The wight completely misses you. You block the wight's attack.
You shoot an arrow. The arrow closely misses the wight.
The wight hits you with a +0 quarterstaff!
The wight hits you with a +3 morningstar!
You are too injured to fight recklessly!
The wight hits you with a +3 morningstar!
There is a stone staircase leading up, spattered with blood here.
Fire: a) +0 shortbow
Press: ? - help, Q - select action, (/) - cycle Shift-Dir - straight line, f/p - wight
Aim: a wight, wielding a +3 morningstar, wearing a +0 chain mail and quivering stones (almost destroyed, 72% to hit)
You shoot an arrow. The arrow barely misses the wight.
The wight hits you with a +0 quarterstaff.
* * * LOW HITPOINT WARNING * * *
You feel drained.
* * * LOW HITPOINT WARNING * * *
The wight hits you with a +3 morningstar!
* * * LOW HITPOINT WARNING * * *
You feel drained.
You die...
Fedhas appreciates your contribution to the ecosystem.

...###..###.....###....###.#.#.#
...##..#####....##...#..........
...##....##........####........>.
...#...#......##...###.....#....#
.......#....#####..##...#.##...##
.)..........# ##........#....z.#
...###......#.##................
..######.......z...............
..###..#......)z@...............
.###..........................##
.o.o..##......................#
....#####.................)....
##.### ##..##.##.....#.#......
.....# .....#) #....####...#.
.....# ..#..... ....##
..)...#..## .... ##.# ......#
.... ..


You could see 2 wights.

Vanquished Creatures
  An ogre (D:5)
  2 necrophages (D:6)
  2 scorpions
  A wight (D:6)
  A howler monkey (D:6)
  An orc priest (D:5)
  2 iguanas
  An orc wizard (D:6)
  A mummy (D:4)
  4 adders
  An ufetubus (D:5)
  2 dart slugs
  2 worms (D:2)
  5 orcs
  6 ball pythons
  4 bats
  5 endoplasms
  A giant cockroach (D:4)
  13 goblins
  7 hobgoblins
  7 jackals (D:1)
  2 kobolds
  2 quokkas
  2 frilled lizards (D:2)
  2 hobgoblin zombies (D:4)
  2 orc zombies (D:4)
  5 rats
84 creatures vanquished.

Notes
Turn   | Place    | Note
-------+----------+-------------------------------------------
     0 | D:1      | fleeber the Barachi Hunter began the quest for the Orb.
     0 | D:1      | Reached XP level 1. HP: 17/17 MP: 1/1
    35 | D:1      | Reached skill level 1 in Stealth
    44 | D:1      | Reached XP level 2. HP: 13/23 MP: 2/2
   539 | D:1      | Found a faded altar of an unknown god.
   836 | D:2      | Reached XP level 3. HP: 28/28 MP: 3/3
  1074 | D:2      | Found a burning altar of Makhleb.
  1303 | D:2      | Reached XP level 4. HP: 33/35 MP: 4/4
  1880 | D:3      | Found a white marble altar of Elyvilon.
  2266 | D:3      | Found a blossoming altar of Fedhas.
  2457 | D:3      | Found a runed translucent gate.
  2459 | D:3      | Found a runed translucent gate.
  2460 | D:3      | Found a runed translucent gate.
  2465 | D:3      | Noticed Sanktem7's ghost (amateur MiFi)
  2604 | D:4      | Reached XP level 5. HP: 41/41 MP: 5/5
  2663 | D:4      | Reached skill level 5 in Ranged Weapons
  3383 | D:5      | Entered Level 5 of the Dungeon
  3689 | D:5      | Noticed an ogre
  3767 | D:5      | Found a staircase to the Ecumenical Temple.
  3783 | Temple   | Entered the Ecumenical Temple
  4001 | D:3      | Became a worshipper of Fedhas Madash
  4238 | D:5      | Killed an ogre
  4239 | D:5      | Reached XP level 6. HP: 48/48 MP: 6/6
  4487 | D:6      | Reached skill level 1 in Invocations
  4608 | D:5      | Reached XP level 7. HP: 8/55 MP: 7/7
  4713 | D:6      | Reached skill level 6 in Ranged Weapons
  4820 | D:6      | HP: 1/52 [wight/+3 morningstar (12)]
  4820 | D:6      | Slain by a wight

Illustrated notes

Levels and vault maps discovered:
D:1:      dpeg_arrival_rooms_a, layout_loops_cross,
          shapermc_ecumenical_altar_mp_urbaneastern
D:2:      layout_rooms, basic_altar
D:3:      layout_loops_ring, mainiacjoe_overflow_alcove_4, fedhas_altar_4,
          gammafunk_ghost_necromancy, minmay_misc_feat_rugged
D:4:      layout_loops_cross, grunt_decor_arrowhead, minmay_misc_feat_ornament,
          minmay_mini_ossuary
D:5:      layout_gridville, minmay_temple_entry_statues_fountains
D:6:      layout_cave_pools, marbit_many_paths, portal_sewer_entry_d
Temple:   minmay_temple_bridge_abc

Skill      XL: |  1  2  3  4  5  6  7 |
---------------+----------------------+-----
Stealth        | 1 2 |  2.7
Fighting       | 3 4 |  4.8
Dodging        | 3 4 |  4.4
Ranged Weapons | 5 6 |  6.3
Invocations    | 1 |  1.9

Action                   |  1- 3 |  4- 6 |  7- 9 || total
-------------------------+-------+-------+-------++-------
 Fire: Shortbow          |   104 |   173 |    41 ||   318
 Abil: Hop               |       |     1 |       ||     1
Evoke: Wand              |       |     1 |       ||     1
  Use: Scroll            |       |     2 |       ||     2
       Potion            |       |     1 |       ||     1
Armor: Leather armour    |    15 |    13 |       ||    28
       Troll leather arm |       |     7 |     5 ||    12
Dodge: Dodged            |    36 |    47 |    20 ||   103
Block: Other             |    12 |    19 |     3 ||    34
       Reflection        |     1 |       |       ||     1
